 Dungeon Crawl Stone Soup version 0.24.0-13-gcf9b319 (webtiles) character file.

Game seed: 6848884423191742719, levelgen mode: deterministic

406 shmeve the Skirmisher (level 6, -3/57 HPs)
             Began as a Minotaur Berserker on Apr 10, 2020.
             Was a Believer of Trog.
             Slain by Blork the orc
             ... wielding a +3 war axe of electrocution
              (8 damage)
             ... on level 5 of the Dungeon.
             The game lasted 00:03:34 (2346 turns).

shmeve the Skirmisher (Minotaur Berserker)          Turns: 2346, Time: 00:03:35

Health: -3/57      AC:  9    Str: 22    XL:     6   Next: 56%
Magic:  5/5        EV:  9    Int:  4    God:    Trog [**....]
Gold:   145        SH:  0    Dex: 11    Spells: 5/5 levels left

rFire    . . .     SeeInvis .   a - +0 hand axe
rCold    . . .     Gourm    .   (no shield)
rNeg     . . .     Faith    .   q - +0 chain mail
rPois    .         Spirit   .   (helmet restricted)
rElec    .         Reflect  .   (no cloak)
rCorr    .         Harm     .   (no gloves)
MR       .....                  (no boots)
Stlth    ..........             (no amulet)
HPRegen  0.19/turn              (no ring)
MPRegen  0.09/turn              (no ring)

@: berserk cooldown, slowed, very slow
A: retaliatory headbutt, horns 2
a: Berserk, Trog's Hand, Renounce Religion


You were on level 5 of the Dungeon.
You worshipped Trog.
Trog was pleased with you.
You were very hungry.

You visited 1 branch of the dungeon, and saw 5 of its levels.

You collected 145 gold pieces.

Inventory:

Hand Weapons
 a - a +0 hand axe (weapon)
Armour
 q - a +0 chain mail (worn)
Jewellery
 b - an uncursed ring of protection from cold {unknown}
 h - an uncursed ring of stealth {unknown}
 p - an uncursed ring of resist corrosion {unknown}
Wands
 v - a wand of digging (7)
Scrolls
 d - a scroll of teleportation {unknown}
 f - 2 scrolls of enchant weapon {unknown}
 k - 2 scrolls of remove curse {unknown}
 l - a scroll of enchant armour {unknown}
 m - 2 scrolls of identify {unknown}
Potions
 e - 2 potions of agility {unknown}
 g - a potion of cancellation {unknown}
 i - a potion of might {unknown}
 j - a potion of curing {unknown}
 n - 2 potions of heal wounds {unknown}
 o - a potion of lignification {unknown}
 r - 3 potions of mutation {unknown}
 t - a potion of magic {unknown}
 u - a potion of invisibility {unknown}
Comestibles
 c - 4 rations
 s - 4 chunks of flesh


   Skills:
 * Level 5.7 Fighting
 * Level 5.6 Axes
 + Level 2.4 Throwing
 + Level 3.7 Armour
 + Level 3.4 Dodging


You had 5 spell levels left.
You didn't know any spells.
Your spell library was empty.

Dungeon Overview and Level Annotations

Branches:
Dungeon (6/15)
 Temple: D:4-7

Altars:
Ashenzari
Ru

Annotations:
D:5 Blork the orc


Innate Abilities, Weirdness & Mutations

You reflexively headbutt those who attack you in melee.
You have a pair of horns on your head.


Message History

A magic dart appears from out of thin air!
The magic dart hits you but does no damage.
You miss something.
Something hits you but does no damage. x2
You are electrocuted!
You hit something. You headbutt something.
Your skin stops crawling.
You feel less resistant to hostile enchantments.
Something hits you.
You hit something but do no damage.
You hear some strange, mumbled words.
A puff of frost appears from out of thin air!
The puff of frost hits you. Something hits you!
You closely miss something. You headbutt something. Something hits you.
* * * LOW HITPOINT WARNING * * *
Something hits you but does no damage.
Your chain mail prevents you from hitting something.
Something hits you but does no damage. Something hits you!
* * * LOW HITPOINT WARNING * * *
You are electrocuted!
You die...

#......#........##
..................
..............#.#.
.......###....#.##
..#....#.........#
###...........#....
..
####.####..##.#.#
#...
######.).#.###.....
.......)){@.......
###...#....#......
...#.####.## .....
..... #.# ....
...... #.# ...
...$.. ... .. .!.
... . ..... .....


There were no monsters in sight!

Vanquished Creatures
  An ogre (D:5)
  A scorpion (D:5)
  A hound (D:6)
  An orc priest (D:3)
  2 orc wizards (D:5)
  A worker ant (D:5)
  4 adders
  2 oozes
  An adder zombie (D:5)
  An adder skeleton (D:5)
  A worm (D:2)
  3 dart slugs (D:1)
  10 orcs
  A ball python (D:3)
  A giant cockroach (D:1)
  14 goblins
  5 hobgoblins
  3 jackals (D:3)
  7 kobolds
  4 bats
  A frilled lizard (D:2)
  6 rats
71 creatures vanquished.

Vanquished Creatures (others)
  An ogre (D:5)
  A worker ant (D:5)
  An adder (D:5)
3 creatures vanquished.

Grand Total: 74 creatures vanquished

Notes
Turn   | Place    | Note
-------+----------+-------------------------------------------
     0 | D:1      | shmeve the Minotaur Berserker began the quest for the Orb.
     0 | D:1      | Reached XP level 1. HP: 19/19 MP: 0/0
    58 | D:1      | Reached XP level 2. HP: 16/27 MP: 1/1
   846 | D:2      | Reached XP level 3. HP: 33/33 MP: 2/2
  1133 | D:2      | Found a faded altar of an unknown god.
  1169 | D:2      | Reached skill level 1 in Throwing
  1186 | D:2      | Reached ** piety under Trog
  1258 | D:2      | Found a sacrificial altar of Ru.
  1824 | D:3      | Reached XP level 4. HP: 38/41 MP: 3/3
  1997 | D:3      | Found a shattered altar of Ashenzari.
  2053 | D:3      | Reached XP level 5. HP: 47/47 MP: 4/4
  2111 | D:3      | You fall into a shaft and drop 3 floors!
  2252 | D:6      | Reached skill level 5 in Fighting
  2274 | D:5      | Entered Level 5 of the Dungeon
  2274 | D:5      | Noticed an ogre
  2279 | D:5      | Killed an ogre
  2279 | D:5      | Reached skill level 5 in Axes
  2290 | D:5      | Killed an ogre
  2318 | D:5      | Reached XP level 6. HP: 56/56 MP: 5/5
  2325 | D:5      | Noticed Blork the orc
  2346 | D:5      | Slain by Blork the orc

Levels and vault maps discovered:
D:1:      ebering_hopf_link, layout_basic
D:2:      layout_rooms, first_ration, chequers_ecumenical_altar_grove,
          nicolae_ru_great_annihilating_truth
D:3:      layout_loops_cross, nicolae_ashenzari_panopticon
D:5:      minmay_spotlight, layout_cave_pools, xom_confusion_cloud,
          uniq_blork_the_orc
D:6:      layout_loops_corners, temple_fountains, minivault_5

Skill      XL: |  1  2  3  4  5 |
---------------+----------------+-----
Axes           | 4 5 |  5.6
Fighting       | 4 5 |  5.7
Throwing       | 1 2 |  2.4
Armour         | 3 |  3.7
Dodging        | 3 |  3.4

Action                   |  1- 3 |  4- 6 || total
-------------------------+-------+-------++-------
Melee: Hand axe          |    84 |    65 ||   149
       Headbutt          |     8 |    16 ||    24
Invok: Berserk           |     1 |     2 ||     3
       Trog's Hand       |       |     1 ||     1
 Stab: Sleeping          |     1 |       ||     1
       Paralysed         |     2 |       ||     2
       Invisible         |     1 |       ||     1
  Eat: Chunk             |     4 |     2 ||     6
Armor: Animal skin       |    12 |       ||    12
       Chain mail        |    23 |    40 ||    63
Dodge: Dodged            |    48 |    29 ||    77
